Workbook
Name _______________EST1: #REF!
Name _______________EST1: #REF!
Name _______________EST10: #REF!
Name _______________EST10: #REF!
Name _______________EST11: #REF!
Name _______________EST11: #REF!
Name _______________EST12: #REF!
Name _______________EST12: #REF!
Name _______________EST13: #REF!
Name _______________EST13: #REF!
Name _______________EST14: #REF!
Name _______________EST14: #REF!
Name _______________EST15: #REF!
Name _______________EST15: #REF!
Name _______________EST16: #REF!
Name _______________EST16: #REF!
Name _______________EST17: #REF!
Name _______________EST17: #REF!
Name _______________EST18: #REF!
Name _______________EST18: #REF!
Name _______________EST19: #REF!
Name _______________EST19: #REF!
Name _______________EST2: #REF!
Name _______________EST2: #REF!
Name _______________EST3: #REF!
Name _______________EST3: #REF!
Name _______________EST4: #REF!
Name _______________EST4: #REF!
Name _______________EST5: #REF!
Name _______________EST5: #REF!
Name _______________EST6: #REF!
Name _______________EST6: #REF!
Name _______________EST7: #REF!
Name _______________EST7: #REF!
Name _______________EST8: #REF!
Name _______________EST8: #REF!
Name _______________EST9: #REF!
Name _______________EST9: #REF!
Name _______________EXC1: #REF!
Name _______________EXC1: #REF!
Name _______________EXC10: #REF!
Name _______________EXC10: #REF!
Name _______________EXC11: #REF!
Name _______________EXC11: #REF!
Name _______________EXC12: #REF!
Name _______________EXC12: #REF!
Name _______________EXC2: #REF!
Name _______________EXC2: #REF!
Name _______________EXC3: #REF!
Name _______________EXC3: #REF!
Name _______________EXC4: #REF!
Name _______________EXC4: #REF!
Name _______________EXC5: #REF!
Name _______________EXC5: #REF!
Name _______________EXC6: #REF!
Name _______________EXC6: #REF!
Name _______________EXC7: #REF!
Name _______________EXC7: #REF!
Name _______________EXC8: #REF!
Name _______________EXC8: #REF!

Sheet PRESUPUESTO
A2: PRESUPUESTO TOTAL : | C2: =G34 -> 286827203 | D2: DURACIÓN EN MESES | G2: 4
A3: INTERVENTORÍA ADMINISTRATIVA, TÉCNICA, FINANCIERA, SOCIAL, AMBIENTAL Y LEGAL PARA LA CONSTRUCCIÓN DE LAS OBRAS DE MITIGACIÓN POR DESPRENDIMIENTO DE ROCAS EN EL POLÍGONO COMPRENDIDO ENTRE LAS CALLES 181 Y 182A, ENTRE CARRERAS 3A Y 6 EN BARRIO EL CODITO FASE 4, DE LA LOCALIDAD DE USAQUÉN, EN BOGOTÁ DISTRITO CAPITAL.
A5: ITEM | B5: DESCRIPCIÓN | C5: DEDICACIÓN MENSUAL (A) | D5: CANTIDAD (B) | E5: TIEMPO EN MESES (C) | F5: VALOR MENSUAL (D) | G5: VALOR TOTAL (A X B X C X D)
A6: 1. | B6: PERSONAL
A7: 1.1 | B7: PERSONAL ESPECIALISTA, PROFESIONAL O DE APOYO
A8: 1.1.1 | B8: DIRECTOR DE INTERVENTORIA | C8: 0.2 | D8: 1 | E8: =$G$2 -> 4 | F8: ='PRECIOS DE REF IDU'!E15 -> 8612000 | G8: =ROUND(C8*D8*E8*F8,0) -> 6889600
A9: 1.1.2 | B9: RESIDENTE DE INTERVENTORIA | C9: 1 | D9: 1 | E9: =$G$2 -> 4 | F9: ='PRECIOS DE REF IDU'!E18 -> 5238000 | G9: =ROUND(C9*D9*E9*F9,0) -> 20952000
A10: 1.1.3 | B10: ESPECIALISTA EN GEOTECNIA DE INTERVENTORIA | C10: 0.2 | D10: 1 | E10: =$G$2 -> 4 | F10: ='PRECIOS DE REF IDU'!E15 -> 8612000 | G10: =ROUND(C10*D10*E10*F10,0) -> 6889600
A11: 1.1.4 | B11: ESPECIALISTA ESTRUCTURAL DE INTERVENTORIA | C11: 0.2 | D11: 1 | E11: =$G$2 -> 4 | F11: ='PRECIOS DE REF IDU'!E15 -> 8612000 | G11: =ROUND(C11*D11*E11*F11,0) -> 6889600
A12: 1.1.5 | B12: RESIDENTE GESTIÓN AMBIENTAL, SEGURIDAD Y SALUD EN EL TRABAJO (SST - SGA) | C12: 1 | D12: 1 | E12: =$G$2 -> 4 | F12: ='PRECIOS DE REF IDU'!E18 -> 5238000 | G12: =ROUND(C12*D12*E12*F12,0) -> 20952000
A13: 1.1.6 | B13: PROFESIONAL SOCIAL DE INTERVENTORIA | C13: 1 | D13: 1 | E13: =$G$2 -> 4 | F13: ='PRECIOS DE REF IDU'!E18 -> 5238000 | G13: =ROUND(C13*D13*E13*F13,0) -> 20952000
A14: 1.1.7 | B14: ESPECIALISTA TRANSITO Y TRANSPORTE DE INTERVENTORIA | C14: 0.1 | D14: 1 | E14: =$G$2 -> 4 | F14: ='PRECIOS DE REF IDU'!E16 -> 7768000 | G14: =ROUND(C14*D14*E14*F14,0) -> 3107200
A15: SUBTOTAL 1.1 - PERSONAL ESPECIALISTA, PROFESIONAL O DE APOYO | G15: =SUM(G8:G14) -> 86632000
A16: 1.2 | B16: PERSONAL TÉCNICO Y PERSONAL AUXILIAR TÉCNICO
A17: 1.2.1 | B17: TOPÓGRAFO INSPECTOR | C17: 0.2 | D17: 1 | E17: =$G$2 -> 4 | F17: ='PRECIOS DE REF IDU'!E21 -> 3379000 | G17: =ROUND(C17*D17*E17*F17,0) -> 2703200
A18: 1.2.1 | B18: CADENERO PRIMERO | C18: =C17 -> 0.2 | D18: 1 | E18: =$G$2 -> 4 | F18: ='PRECIOS DE REF IDU'!E28 -> 2095000 | G18: =ROUND(C18*D18*E18*F18,0) -> 1676000
A19: SUBTOTAL 1.2 - PERSONAL TÉCNICO Y PERSONAL AUXILIAR TÉCNICO | G19: =SUM(G17:G18) -> 4379200
A20: SUBTOTAL PERSONAL (1.1 + 1.2) | G20: =G15+G19 -> 91011200
A21: FACTOR MULTIPLICADOR | G21: =+'FACTOR MULTIPLICADOR'!F42 -> 2.17
A22: TOTAL 1 - PERSONAL | G22: =+ROUND((G21*G20),0) -> 197494304
A23: 2. | B23: COSTOS OPERACIONALES
A24: ITEM | B24: DESCRIPCIÓN | C24: UNIDAD | D24: CANTIDAD (A) | E24: DEDICACIÓN MENSUAL (B) | F24: VALOR MENSUAL (C) | G24: VALOR TOTAL (A X B X C)
B25: ALQUILER EQUIPO, SUMINISTROS Y OTROS ELEMENTOS
A26: 2.1 | B26: ALQUILER DE VEHICULO: CAMPERO, PICK-UP, CAMIONETA, CAMION O SIMILAR DE 1300cc A 2000cc DE CILINDRADA, MODELO 2022 A 2019. 100% DE LA TARIFA ESTABLECIDA. INCLUYE TODOS LOS COSTOS DE OPERACIÓN Y MANTENIMIENTO EXCEPTO EL SALARIO DEL CONDUCTOR | C26: mes | D26: =$G$2 -> 4 | E26: 1 | F26: =+'PRECIOS DE REF IDU'!E26 -> 7939000 | G26: =ROUND(D26*E26*F26,0) -> 31756000
A27: 2.2 | B27: TARIFA MES - PERSONAL AUXILIAR TÉCNICO CONDUCTOR O MOTORISTA (INCLUYE FACTOR DE PRESTACIONES) | C27: mes | D27: =$G$2 -> 4 | E27: =E26 -> 1 | F27: ='PRECIOS DE REF IDU'!E20 -> 2463060 | G27: =ROUND(D27*E27*F27,0) -> 9852240
A28: 2.3 | B28: ESTACIÓN DE TOPOGRAFÍA CON TRÍPODE, DOS BASTONES, DOS PRISMAS CON PORTAPRISMA | C28: mes | D28: =$G$2 -> 4 | E28: =C17 -> 0.2 | F28: ='PRECIOS DE REF IDU'!E27 -> 2410899 | G28: =ROUND(D28*E28*F28,0) -> 1928719
A29: SUBTOTAL 2 - COSTOS OPERACIONALES | G29: =+SUM(G26:G28) -> 43536959
A30: TOTAL COSTOS DIRECTOS (1 + 2 ) | G30: =ROUND((G29+G22),0) -> 241031263
A32: SUBTOTAL (1 + 2) | G32: =+G30 -> 241031263
A33: IVA - 19% | G33: =ROUND(G32*19%,0) -> 45795940
A34: TOTAL PRESUPUESTO | G34: =G32+G33 -> 286827203 | I34: =+G34/1300000 -> 220.63631 | J34: SMMLV
I35: =G34/I36 -> 0.083375579 | J35: DEL p OBRA
I36: 3440182444 | J36: P OBRA

Sheet IMPUESTOS Y POLIZAS
B2: CALCULO DE LOS PORCENTAJES POR SEGUROS E IMPUESTOS | H2: 2004 | I2: 358000 | J2: 0.055
B3: =+PRESUPUESTO!A3 -> INTERVENTORÍA ADMINISTRATIVA, TÉCNICA, FINANCIERA, SOCIAL, AMBIENTAL Y LEGAL PARA LA CONSTRUCCIÓN DE LAS OBRAS DE MITIGACIÓN POR DESPRENDIMIENTO DE ROCAS EN EL POLÍGONO COMPRENDIDO ENTRE LAS CALLES 181 Y 182A, ENTRE CARRERAS 3A Y 6 EN BARRIO EL CODITO FASE 4, DE LA LOCALIDAD DE USAQUÉN, EN BOGOTÁ DISTRITO CAPITAL. | H3: 2003 | I3: 332000 | J3: 0.0649
B4: DURACION CONTRATO (MESES) | C4: =+PRESUPUESTO!G2 -> 4 | H4: 2002 | I4: 309000 | J4: 0.0699
B5: TOTAL ANTES DE IVA | C5: =PRESUPUESTO!G32 -> 241031263 | D5: =PRESUPUESTO!G30 -> 241031263 | H5: 2001 | I5: 286000 | J5: 0.0765
B6: TOTAL IVA INCLUIDO | C6: 286827203 | D6: =PRESUPUESTO!G34 -> 286827203 | H6: 2000 | I6: 260100 | J6: 0.0875
H7: 1999 | I7: 236460 | J7: 0.0923
B8: PÓLIZAS DE SEGURO | C8: PORCENTAJE | D8: DURACIÓN | E8: TASA ASEGURADORA | F8: VALOR
B9: CUMPLIMIENTO | C9: 0.2 | D9: =C4+12 -> 16 | E9: 0.004 | F9: =ROUND(+$C$6*C9*D9/12*E9,0) -> 305949
B10: CALIDAD DEL SERVICIO | C10: 0.2 | D10: =C4+24 -> 28 | E10: 0.004 | F10: =ROUND(+$C$6*C10*D10/12*E10,0) -> 535411
B11: SALARIOS Y PRESTACIONES SOCIALES | C11: 0.1 | D11: =C4+36 -> 40 | E11: 0.004 | F11: =ROUND(+$C$6*C11*D11/12*E11,0) -> 382436
B12: ESTABILIDAD DE LA OBRA | D12: 60 | E12: 0.004 | F12: =ROUND(+$C$6*C12*D12/12*E12,0) -> 0
B13: RESPONSABILIDAD CIVIL | C13: 0.1 | D13: =C4 -> 4 | E13: 0.004 | F13: =ROUND(+$C$6*C13*D13/12*E13,0) -> 38244
F14: =SUM(F9:F13) -> 1262040 | K14: RESPONSABILIDAD CIVIL
K15: 200 SMLV | L15: 1500 SLMV
B16: IMPUESTOS | C16: PORCENTAJE | D16: DURACIÓN | K16: 300 SMLV | L16: 1500 A 2500
B17: Estampilla U. Distrital | C17: 0.011 | D17: =ROUND($C$6*C17,0) -> 3155099 | K17: 400 SMLV | L17: 2500 A 5000
B18: Estampilla Pro Cultura | C18: 0.005 | D18: =ROUND($C$6*C18,0) -> 1434136
B19: Estampilla Pro Adulto Mayor | C19: 0.02 | D19: =ROUND($C$6*C19,0) -> 5736544 | K19: 5% CUANDO SEA SUPERIOR A 10000 SMLV HASTA 75000
B20: I.C.A | C20: 0.00866 | D20: =ROUND($C$6*C20,0) -> 2483924
B21: Rete fuente | C21: 0.11 | D21: =ROUND($C$6*C21,0) -> 31550992
B22: Estampilla U. Nacional (ley 1697/2013) | C22: 0.005 | D22: =ROUND($C$6*C22,0) -> 1434136
B23: Contrib. Especial (Imp. De Guerra )
D24: =SUM(D17:D23) -> 45794831
K25: RETEFUENTE | M25: 0.11
K26: ICA | M26: 0.0069
K27: ESTAMPILLA U PEDAGÓGICA | M27: 0.005
K28: ESTAMPILLA ADULTO MAYOR | M28: 0.02
K29: ESTAMPILLA UD | M29: 0.011
K30: ESTAMPILLA PROCULTURA | M30: 0.005

Sheet FACTOR MULTIPLICADOR
D3: =+PRESUPUESTO!A3 -> INTERVENTORÍA ADMINISTRATIVA, TÉCNICA, FINANCIERA, SOCIAL, AMBIENTAL Y LEGAL PARA LA CONSTRUCCIÓN DE LAS OBRAS DE MITIGACIÓN POR DESPRENDIMIENTO DE ROCAS EN EL POLÍGONO COMPRENDIDO ENTRE LAS CALLES 181 Y 182A, ENTRE CARRERAS 3A Y 6 EN BARRIO EL CODITO FASE 4, DE LA LOCALIDAD DE USAQUÉN, EN BOGOTÁ DISTRITO CAPITAL.
C5: CALCULO DEL FACTOR MULTIPLICADOR
C7: ITEM | D7: CONCEPTO | F7: PORCENTAJE | I7: =+PRESUPUESTO!G2 -> 4 | J7: =+PRESUPUESTO!G20+PRESUPUESTO!G29 -> 134548159 | K7: COSTOS DIRECTOS SIN FM
C8: 1. | D8: Salarios y Prestaciones Sociales de Personal Facturable | I8: 1 | J8: =J7/I7 -> 33637040 | K8: COSTOS DIRECTOS SIN FM MENSUAL
C9: 1.1. | D9: Salarios | F9: 1 | I9: 2.17 | J9: =+(PRESUPUESTO!G20*I9)+PRESUPUESTO!G29 -> 241031263 | K9: COSTOS DIRECTOS CON FM
C10: 1.2. | D10: Subsidio de transporte | F10: 0 | J10: =J9/I7 -> 60257816 | K10: COSTOS DIRECTOS CON FM MENSUAL
C11: 1.3 | D11: Prima de servicios (Junio -Diciembre) | F11: =1/12 -> 0.083333333
C12: 1.4 | D12: Cesantías | F12: =1/12 -> 0.083333333
C13: 1.5 | D13: Intereses de cesantías | E13: x 1.3. = | F13: 0.01
C14: 1.6 | D14: Vacaciones | F14: =+F12/2 -> 0.041666667
C15: 1.7 | D15: Seguridad Social (salud 8,5% + pensión 12%) o (salud 12,5% + Pension 16%) | F15: =8.5%+12% -> 0.205
C16: 1.8 | D16: ARL (Depende del riesgo de la Actividad a Contratar .) (**) | F16: 0.0696
C17: 1.9 | D17: Caja de Compensación Familiar | F17: 0.04
C18: 1.10 | D18: Sena | F18: 0.02
C19: 1.11 | D19: ICBF | F19: 0.03
C20: 1.12 | D20: Otros (Auxilios varios, prestaciones extralegales, Incapacidades no cubiertas) | F20: 0
C21: 1.13 | D21: Dotación (Para Ingresos Laborales hasta 2 SMLV, Demas cuando son actividades de Campo o que requieran dotacion) | F21: 0
E22: Sub-total | F22: =ROUND(SUM(F9:F21),4) -> 1.5829
C23: 2 | D23: Gastos Operacionales | L23: dedicacion
C24: 2.1 | D24: Informe mensual o final de interventoria | F24: =+M24/$J$8 -> 0.0071052626 | I24: =+$I$8 -> 1 | J24: INFORME MENSUAL O FINAL DE INTERVENTORÍA O CONSULTORÍA. Incluye 4 tapas plastificadas tamaño carta color blanco, con 6 tornillos, hojas de papel bond tamaño carta 75 gramos, 170 folios | K24: =+'PRECIOS DE REF IDU'!E24 -> 239000 | L24: 1 | M24: =I24*K24*L24 -> 239000
C25: 2.2 | D25: Arriendo oficina. Incluye administración, servicios | F25: =+M25/$J$8 -> 0.02888423 | I25: =+$I$8 -> 1 | J25: ALQUILER MES - ARRIENDO OFICINA INCL. ADMINISTRACIÓN, SERVICIOS PÚBLICOS, COMUNICACIONES (AREA MÍNIMA 50 M2) | K25: =+'PRECIOS DE REF IDU'!E23*20 -> 971580 | L25: 1 | M25: =I25*K25*L25 -> 971580
C26: 2.3 | D26: Gastos de Oficina ( Papelería, fotocopias y otros) | F26: =+M26/$J$8 -> 0.033905273 | I26: =+$I$8 -> 1 | J26: TARIFA GLOBAL - GASTOS OFICINA (PAPELERIA, FOTOCOPIAS Y OTROS) | K26: =+'PRECIOS DE REF IDU'!E25 -> 1140473 | L26: 1 | M26: =I26*K26*L26 -> 1140473
C27: 2.4 | D27: Auxiliar técnico - Secretaria | F27: =+M27/$J$8 -> 0.014644927 | I27: =+$I$8 -> 1 | J27: TARIFA MES - PERSONAL AUXILIAR TÉCNICO SECRETARIA (INCLUYE FACTOR DE PRESTACIONES) | K27: =+'PRECIOS DE REF IDU'!E20 -> 2463060 | L27: 0.2 | M27: =I27*K27*L27 -> 492612
C28: 2.5 | D28: Asesoría Contable | E28: x 1.3. = | F28: =+M28/$J$8 -> 0.021374158 | I28: =+$I$8 -> 1 | J28: TARIFA MES - ASESORIA CONTABLE (INCLUYE FACTOR DE PRESTACIONES) | K28: =+'PRECIOS DE REF IDU'!E22 -> 7189634 | L28: 0.1 | M28: =I28*K28*L28 -> 718963.4
E29: Sub-total | F29: =ROUND(SUM(F24:F28),4) -> 0.1059
C30: 3 | D30: Costos Directos no Reembolsables | L30: TASA
C31: 3.1 | D31: Póliza Cumplimiento y RC | F31: =ROUND(M31/$J$8,4) -> 0 | I31: =+$I$8 -> 1 | J31: Ver cuadro Impuestos y Pólizas | K31: =+'IMPUESTOS Y POLIZAS'!F15 -> 0 | L31: 1 | M31: =I31*K31*L31 -> 0
C32: 3.2 | D32: Estampilla U. Distrital | F32: =ROUND(M32/$J$8,4) -> 0.0197 | I32: =+$I$8 -> 1 | J32: Ver cuadro Impuestos y Pólizas | K32: =+J10 -> 60257816 | L32: 0.011 | M32: =I32*K32*L32 -> 662835.97
C33: 3.3 | D33: Estampilla Pro Cultura | F33: =ROUND(M33/$J$8,4) -> 0.009 | I33: =+$I$8 -> 1 | J33: Ver cuadro Impuestos y Pólizas | K33: =+K32 -> 60257816 | L33: 0.005 | M33: =I33*K33*L33 -> 301289.08
C34: 3.4 | D34: Estampilla Pro Adulto Mayor | F34: =ROUND(M34/$J$8,4) -> 0.0358 | I34: =+$I$8 -> 1 | J34: Ver cuadro Impuestos y Pólizas | K34: =+K33 -> 60257816 | L34: 0.02 | M34: =I34*K34*L34 -> 1205156.3
C35: 3.5 | D35: I.C.A | F35: =ROUND(M35/$J$8,4) -> 0.0155 | I35: =+$I$8 -> 1 | J35: Ver cuadro Impuestos y Pólizas | K35: =+K34 -> 60257816 | L35: 0.00866 | M35: =I35*K35*L35 -> 521832.68
C36: 3.6 | D36: Rete fuente | F36: =ROUND(M36/$J$8,4) -> 0.1971 | I36: =+$I$8 -> 1 | J36: Ver cuadro Impuestos y Pólizas | K36: =+K35 -> 60257816 | L36: 0.11 | M36: =I36*K36*L36 -> 6628359.7
C37: 3.7 | D37: Estampilla U. Nacional (ley 1697/2013) | E37: x 1.3. = | F37: =ROUND(M37/$J$8,4) -> 0.009 | I37: =+$I$8 -> 1 | J37: Ver cuadro Impuestos y Pólizas | K37: =+K36 -> 60257816 | L37: 0.005 | M37: =I37*K37*L37 -> 301289.08
E38: Sub-total | F38: =ROUND(SUM(F31:F37),4) -> 0.2861
C39: 4 | D39: Honorarios (Utilidad del consultor y costos no previstos)
C40: 4.1 | D40: Honorarios (Utilidad del consultor y costos no previstos) | F40: =ROUND(10*(F22+F29+F38)/100,4) -> 0.1975
C41: TOTAL | F41: =F22+F29+F38+F40 -> 2.1724
C42: FACTOR MULTIPLICADOR | F42: =ROUND(F41,2) -> 2.17

Sheet PRECIOS DE REF IDU
D4: Fecha de publicación: 17/01/2024
D5: Fecha del último ajuste parcial: 17/01/2024
D6: Resumen de fechas de publicación y ajustes: clic aquí
A8: *NOTA: Los precios de los insumos relacionados con el acero publicados en este visor, no consideran la volatilidad del mercado siderúrgico para el periodo de la actualización. (Ver última columna para casos en los que aplica esta nota)
A11: Grupo de base de datos | B11: Código | C11: Nombre | D11: UM | E11: Precio | F11: Fecha de Actualización | I11: CATEGORIA | J11: PROFESIONAL (AÑOS) | K11: EXP ESPECIFICA (Años)
A12: SUELDOS Y JORNALES | B12: 9107 | C12: TARIFA MES - PROFESIONAL CATEGORÍA 1 (NO INCLUYE FACTOR DE PRESTACIONES) | D12: MES | E12: 14390000 | F12: Actualización 2022+MO2023 | I12: 1 | J12: Mínimo 12 | K12: Mínimo 10 | M12: #VALUE!
A13: SUELDOS Y JORNALES | B13: 9108 | C13: TARIFA MES - PROFESIONAL CATEGORÍA 2 (NO INCLUYE FACTOR DE PRESTACIONES) | D13: MES | E13: 10967000 | F13: Actualización 2022+MO2023 | I13: 2 | J13: Mínimo 10 | K13: Mínimo 7
A14: SUELDOS Y JORNALES | B14: 9109 | C14: TARIFA MES - PROFESIONAL CATEGORÍA 3 (NO INCLUYE FACTOR DE PRESTACIONES) | D14: MES | E14: 10114000 | F14: Actualización 2023-I Fase II + MO 2024 | I14: 3 | J14: Mínimo 8 | K14: Mínimo 5
A15: SUELDOS Y JORNALES | B15: 9110 | C15: TARIFA MES - PROFESIONAL CATEGORÍA 4 (NO INCLUYE FACTOR DE PRESTACIONES) | D15: MES | E15: 8612000 | F15: Actualización 2023-I Fase II + MO 2024 | I15: 4 | J15: Mínimo 6 | K15: Mínimo 4
A16: SUELDOS Y JORNALES | B16: 9111 | C16: TARIFA MES - PROFESIONAL CATEGORÍA 5 (NO INCLUYE FACTOR DE PRESTACIONES) | D16: MES | E16: 7768000 | F16: Actualización 2023-I Fase II + MO 2024
A17: SUELDOS Y JORNALES | B17: 9112 | C17: TARIFA MES - PROFESIONAL CATEGORÍA 6 (NO INCLUYE FACTOR DE PRESTACIONES) | D17: MES | E17: 6927000 | F17: Actualización 2023-I Fase II + MO 2024 | I17: 6 | J17: Mínimo 3 | K17: Mínimo 1
A18: SUELDOS Y JORNALES | B18: 9113 | C18: TARIFA MES - PROFESIONAL CATEGORÍA 7 (NO INCLUYE FACTOR DE PRESTACIONES) | D18: MES | E18: 5238000 | F18: Actualización 2023-I Fase II + MO 2024 | I18: 7 | J18: Mínimo 2
A19: SUELDOS Y JORNALES | B19: 9114 | C19: TARIFA MES - PROFESIONAL CATEGORÍA 8 (NO INCLUYE FACTOR DE PRESTACIONES) | D19: MES | E19: 4943000 | F19: Actualización 2023-I Fase II + MO 2024
A20: SUELDOS Y JORNALES | B20: 9491 | C20: TARIFA MES - PERSONAL AUXILIAR TÉCNICO - SECRETARIA - CONDUCTOR O MOTORISTA (INCLUYE FACTOR DE PRESTACIONES) | D20: MES | E20: 2463060 | F20: Actualización 2023-I Fase II + MO 2024
A21: SUELDOS Y JORNALES | B21: 9088 | C21: TARIFA MES - PERSONAL TÉCNICO - TOPÓGRAFO INSPECTOR (NO INCLUYE FACTOR DE PRESTACIONES) | D21: MES | E21: 3379000 | F21: Actualización 2023-I Fase II + MO 2024
A22: SUELDOS Y JORNALES | B22: 9472 | C22: TARIFA MES - PROFESIONAL CATEGORÍA 8 (INCLUYE FACTOR DE PRESTACIONES) | D22: MES | E22: 7189634 | F22: Actualización 2023-I Fase II + MO 2024
A23: TARIFA _ OPERACIÓN OFICINA | B23: 9576 | C23: TARIFA MES - ARRIENDO OFICINA INCL. ADMINISTRACIÓN, SERVICIOS PÚBLICOS, COMUNICACIONES | D23: M2/MES | E23: 48579 | F23: Actualización 2023-I Fase II + MO 2024
A24: TARIFA _ OPERACIÓN OFICINA | B24: 9840 | C24: TARIFA MES - EDICIÓN DE INFORME MENSUAL DE INTERVENTORÍA O CONSULTORÍA. Incluye 4 tapas plastificadas tamaño carta color blanco, con 6 tornillos, hojas de papel bond tamaño carta 75 gramos, 170 folios | D24: UN/MES | E24: 239000 | F24: Actualización 2023-I Fase II + MO 2024
A25: TARIFA _ OPERACIÓN OFICINA | B25: 9578 | C25: TARIFA MES - GASTOS OFICINA (PAPELERIA, FOTOCOPIAS Y OTROS) | D25: GLB/MS | E25: 1140473 | F25: Actualización 2023-I Fase II + MO 2024
A26: TARIFA _ ALQUILER DE VEHICULO | B26: 9165 | C26: TARIFA MES - ALQUILER DE VEHICULO: CAMPERO, PICK-UP, CAMIONETA, CAMION O SIMILAR DE 1300cc A 2000cc DE CILINDRADA, MODELO 2022 A 2019. 100% DE LA TARIFA ESTABLECIDA. INCLUYE TODOS LOS COSTOS DE OPERACIÓN Y MANTENIMIENTO EXCEPTO EL SALARIO DEL CONDUCTOR | D26: MES | E26: 7939000 | F26: Actualización 2023-I Fase II + MO 2024
A27: TARIFA _ EQUIPO | B27: 9721 | C27: TARIFA MES - ESTACIÓN DE TOPOGRAFÍA CON TRÍPODE, DOS BASTONES, DOS PRISMAS CON PORTAPRISMA | D27: MES | E27: 2410899 | F27: Actualización 2023-I Fase II + MO 2024
A28: SUELDOS Y JORNALES | B28: 9098 | C28: TARIFA MES - PERSONAL AUXILIAR TÉCNICO - CADENERO 1 (NO INCLUYE FACTOR DE PRESTACIONES) | D28: MES | E28: 2095000 | F28: Actualización 2023-I Fase II + MO 2024
